 Dungeon Crawl Stone Soup version 0.28.0-53-g5a82cb258f (webtiles) character file.

Game seed: 10131397384212874312

2638 Sanktem7 the Fighter (level 9, -4/89 HPs)
             Began as a Minotaur Fighter on June 27, 2022.
             Was an Initiate of Okawaru.
             Slain by a ten-headed hydra (8 damage)
             ... on level 7 of the Dungeon.
             The game lasted 00:12:06 (6308 turns).

Sanktem7 the Fighter (Minotaur Fighter)             Turns: 6308, Time: 00:12:07

Health: -4/89      AC: 17    Str: 31    XL:     9   Next: 35%
Magic:  8/8        EV:  7    Int:  5    God:    Okawaru [......]
Gold:   250        SH:  4    Dex: 10    Spells: 8/8 levels left

rFire   . . .      SeeInvis +   C - +6 long sword of Xom {speed, Contam Will++ Str+6, long}
rCold   . . .      Faith    .   c - +0 buckler
rNeg    . . .      Spirit   .   A - +0 plate armour
rPois   .          Reflect  .   (helmet restricted)
rElec   .          Harm     .   k - +0 cloak
rCorr   .          Rampage  .   h - +2 pair of gloves
Will    ++...                   t - +0 pair of boots
Stlth   ..........              w - amulet of regeneration {@e2}
HPRegen 1.04/turn               q - ring of see invisible
MPRegen 0.11/turn               (no ring)

@: lethally poisoned (-4 -> -5)
A: horns 2, retaliatory headbutt
a: Renounce Religion


You were on level 7 of the Dungeon.
You worshipped Okawaru.
Okawaru was noncommittal.
You visited 1 branch of the dungeon, and saw 7 of its levels.

You collected 250 gold pieces.


Innate Abilities, Weirdness & Mutations

You have a pair of horns on your head.
You reflexively headbutt those who attack you in melee.


   Skills:
 * Level 11.4 Fighting
 * Level 4.0 Long Blades
 - Level 10.2 Axes
 + Level 0.0 Throwing
 - Level 3.6 Armour
 - Level 3.6 Shields


You had 8 spell levels left.
You didn't know any spells.
Your spell library contained the following spells:

 Spells                   Type           Power      Damage    Failure   Level
 Pain                     Necr           0%         1d4       100%        1
 Vampiric Draining        Necr           0%         2d6       100%        3
 Animate Skeleton         Necr           Unusable   N/A       N/A         1

Inventory:

Hand Weapons
 C - the +6 long sword of Xom (weapon) {speed, Contam Will++ Str+6, long}
   (You found it on level 6 of the Dungeon)

   Attacks with this weapon are significantly faster.
   Str:       It affects your strength (+6).
   Contam:    It causes magical contamination when unequipped.
   Will:      It greatly increases your willpower.
 F - the +9 bardiche of Bodily Humours {vorpal, Fly, polearm}
   (You found it on level 7 of the Dungeon)

   It inflicts extra damage upon your enemies.
   Fly:       It grants you flight.
Missiles
 v - 8 poisoned darts (quivered) {throwing}
 y - 2 boomerangs {throwing}
Armour
 c - a +0 buckler (worn)
 h - a +2 pair of gloves (worn)
   (You found it on level 1 of the Dungeon)
 k - a +0 cloak (worn)
   (You found it on level 2 of the Dungeon)
 t - a +0 pair of boots (worn)
   (You found it on level 3 of the Dungeon)
 A - a +0 plate armour (worn)
   (You found it on level 4 of the Dungeon)
Magical Staves
 r - a staff of fire {!astaff}
   (You found it on level 5 of the Dungeon)
Jewellery
 q - a ring of see invisible (left hand)
   (You took it off a hobgoblin on level 3 of the Dungeon)
 w - an amulet of regeneration (around neck) {@e2}
   (You found it on level 3 of the Dungeon)
Scrolls
 g - a scroll of immolation {!r!r}
 m - 3 scrolls of blinking {!r}
 p - a scroll of vulnerability {!r!r}
 D - 3 scrolls of fear {unknown}
 E - 3 scrolls of teleportation {@r4}
Potions
 d - a potion of might
 f - 2 potions of ambrosia
 j - a potion of haste {unknown}
 l - a potion of lignification {unknown}
 n - 6 potions of curing {unknown}
 o - a potion of mutation {unknown}
 s - a potion of degeneration {unknown}
 x - a potion of heal wounds {unknown}
 z - a potion of invisibility {unknown}
 B - 2 potions of attraction {unknown}

Dungeon Overview and Level Annotations

Branches:
Dungeon (7/15)             Temple (0/1) D:7

Altars:
Ashenzari
Okawaru
Wu Jian
Yredelemnul
Zin
The Shining One

## .##
##.#..##
#......###
####...#.....
....#....#
#.o...# #oo.#
#D#.o..#
#@##o..#
##########.#
o..#
...........#
....
#######.####
..... #.#
.... #.# ####
#### #.# #...
#.# #.## #.#
#


You could see a ten-headed hydra, an orc priest and 2 orcs.


Message History

F - the +9 bardiche of Bodily Humours {vorpal, Fly, polearm} 😕 HP[+6]
You regained 6 hp, and now have 75/89 hp.
You drop a +0 war axe {axe}. 😕 HP[+1]
You drop a +1 dagger of venom {short}. 😕 HP[+1]
You drop 38 sling bullets. 😕 HP[+1]
You drop 53 arrows. 😕 HP[+1]
You drop 81 stones {throwing}. 😕 HP[+1]
An orc priest and 2 orcs come into view.
The orc priest shouts!
You hear a shout!
You hear a roar! 😎 HP[+9]
Your hp is fully restored (89).
You slash the orc!
You kill the orc!
You hear a shout!
A five-headed hydra comes into view.
An orc comes into view. It is wielding a +0 hand axe of venom.
An orc comes into view. It is wielding a +0 whip.
The orc shouts!
You see here a +0 hand axe {axe}.
You hit the orc but do no damage.
The orc priest looks encouraged for a moment.
You barely miss the orc.
You chop one of the five-headed hydra's heads off!
The four-headed hydra grows two more!
You hit the six-headed hydra. You headbutt the six-headed hydra.
A killer bee zombie comes into view.
The orc hits you but does no damage.
You are poisoned.
You feel very sick. 😕 HP[-3]
You take 3 damage, and now have 86/89 hp.
You feel sick.
You chop one of the six-headed hydra's heads off!
The five-headed hydra grows two more!
You slash the seven-headed hydra! You headbutt the seven-headed hydra.
You feel sick.
The seven-headed hydra bites you but does no damage. x2
The seven-headed hydra barely misses you.
The seven-headed hydra bites you but does no damage. x2
The seven-headed hydra bites you.
The seven-headed hydra completely misses you. 😕 HP[-8]
You take 8 damage, and now have 78/89 hp.
You barely miss the seven-headed hydra.
You feel sick.
You hack one of the seven-headed hydra's heads off!
The six-headed hydra grows two more!
You hit the eight-headed hydra.
Your headbutt misses the eight-headed hydra.
The eight-headed hydra bites you but does no damage.
The eight-headed hydra bites you.
The eight-headed hydra bites you but does no damage.
The eight-headed hydra barely misses you.
The eight-headed hydra bites you but does no damage.
The eight-headed hydra closely misses you. x2
The eight-headed hydra bites you. 😕 HP[-6]
You take 6 damage, and now have 72/89 hp.
You lop one of the eight-headed hydra's heads off!
The seven-headed hydra grows two more!
You slash the nine-headed hydra! You headbutt the nine-headed hydra.
You feel sick.
The nine-headed hydra bites you. x2; The nine-headed hydra bites you!
The nine-headed hydra bites you.
The nine-headed hydra bites you but does no damage. x2
The nine-headed hydra bites you.
You block the nine-headed hydra's attack.
The nine-headed hydra bites you but does no damage. 😮 HP[-22]
You take 22 damage, and now have 50/89 hp.
MASSIVE DAMAGE!! (PAUSE)
You chop one of the nine-headed hydra's heads off!
The eight-headed hydra grows two more!
You slash the ten-headed hydra!
You feel sick. The ten-headed hydra bites you.
The ten-headed hydra bites you but does no damage.
The ten-headed hydra bites you. The ten-headed hydra bites you!
* * * LOW HITPOINT WARNING * * *
The ten-headed hydra bites you but does no damage.
The ten-headed hydra bites you.
* * * LOW HITPOINT WARNING * * *
The ten-headed hydra bites you but does no damage. x3
The ten-headed hydra bites you!
* * * LOW HITPOINT WARNING * * *
😨 HP[-23]
You take 23 damage, and now have 27/89 hp.
MASSIVE DAMAGE!! (PAUSE)
You barely miss the ten-headed hydra. You headbutt the ten-headed hydra!
You feel sick.
The ten-headed hydra bites you but does no damage.
The ten-headed hydra bites you!
* * * LOW HITPOINT WARNING * * *
The ten-headed hydra bites you but does no damage. x2
The ten-headed hydra bites you.
* * * LOW HITPOINT WARNING * * *
The ten-headed hydra bites you!
* * * LOW HITPOINT WARNING * * *
The ten-headed hydra bites you!
You die...

Skill      XL: |  1  2  3  4  5  6  7  8  9 |
---------------+----------------------------+-----
Fighting       | 4 5 6 7 8 10 11 | 11.4
Axes           | 3 4 5 6 8 10 | 10.2
Long Blades    | 4 |  4.0
Armour         | |  3.6
Shields        | |  3.6

Action                   |  1- 3 |  4- 6 |  7- 9 || total
-------------------------+-------+-------+-------++-------
Melee: War axe           |    68 |    82 |   135 ||   285
       Headbutt          |     5 |    18 |    31 ||    54
       Long sword        |       |       |    42 ||    42
  Use: Scroll            |       |       |     8 ||     8
Armor: Scale mail        |    38 |    39 |    23 ||   100
       Plate armour      |       |       |   139 ||   139
Dodge: Dodged            |    30 |    29 |    71 ||   130
Block: Buckler           |    10 |    19 |    40 ||    69

Levels and vault maps discovered:
D:1:      minmay_arrival_doors, layout_loops_corners,
          hellmonk_ecumenical_altar_pennies_from_heaven
D:2:      layout_loops_cross, minmay_misc_feat_x, minmay_indecisive_spiral,
          uniq_jessica
D:3:      layout_basic, okawaru_ov_weapons_minmay,
          amethyst_overflow_temple_binary, uniq_sigmund
D:4:      layout_rooms, kennysheep_generic_room_10
D:5:      layout_loops_ring, zin_treasury, kennysheep_mini_moat,
          mainiacjoe_overflow_cross_hatched
D:6:      layout_basic, minmay_three_doors
D:7:      layout_loops_ring, minmay_temple_entry_stoned_glass, kb_rosetta,
          uniq_harold

Notes
Turn   | Place    | Note
-------+----------+-------------------------------------------
     0 | D:1      | Sanktem7 the Minotaur Fighter began the quest for the Orb.
     0 | D:1      | Reached XP level 1. HP: 19/19 MP: 0/0
     0 | D:1      | magus.rc [v1.9.6]
    27 | D:1      | Found a faded altar of an unknown god.
   389 | D:1      | Reached skill level 4 in Fighting
   389 | D:1      | Reached skill level 3 in Axes
   389 | D:1      | Reached XP level 2. HP: 26/27 MP: 1/1
  1296 | D:2      | Reached XP level 3. HP: 34/34 MP: 2/2
  1648 | D:2      | Reached skill level 4 in Axes
  1648 | D:2      | Reached XP level 4. HP: 41/41 MP: 3/3
  1678 | D:2      | Noticed Jessica
  1685 | D:2      | Killed Jessica
  1686 | D:2      | Reached skill level 5 in Fighting
  2059 | D:3      | HP: 7/42 [orc priest/divine providence (10)]
  2061 | D:3      | Reached XP level 5. HP: 9/48 MP: 1/4
  2484 | D:3      | Noticed Sigmund
  2487 | D:3      | Reached skill level 5 in Axes
  2492 | D:3      | Killed Sigmund
  2493 | D:3      | Reached skill level 6 in Fighting
  2493 | D:3      | Reached XP level 6. HP: 39/58 MP: 3/5
  2641 | D:3      | Found an ornate altar of the Wu Jian Council.
  2652 | D:3      | Found a broken altar of Ashenzari.
  2676 | D:3      | Reached skill level 6 in Axes
  2785 | D:3      | Found an iron altar of Okawaru.
  2837 | D:3      | Reached skill level 7 in Fighting
  3549 | D:4      | Reached XP level 7. HP: 66/66 MP: 6/6
  3567 | D:4      | Reached skill level 7 in Axes
  3920 | D:4      | You pick up a book of Necromancy and begin reading...
  3920 | D:4      | You add the spells Pain, Animate Skeleton and Vampiric
                  | Draining to your library.
  3924 | D:4      | Noticed a steam dragon
  3935 | D:4      | Killed a steam dragon
  3936 | D:4      | Reached skill level 8 in Fighting
  4012 | D:4      | Reached skill level 8 in Axes
  4019 | D:4      | Reached XP level 8. HP: 61/75 MP: 7/7
  4134 | D:5      | Entered Level 5 of the Dungeon
  4142 | D:5      | Found a glowing silver altar of Zin.
  4349 | D:5      | Reached skill level 9 in Fighting
  4355 | D:5      | Found a glowing golden altar of the Shining One.
  4512 | D:5      | Reached skill level 9 in Axes
  4742 | D:5      | Found a basalt altar of Yredelemnul.
  4869 | D:6      | Reached skill level 10 in Fighting
  5019 | D:6      | Reached skill level 10 in Axes
  5233 | D:6      | Reached XP level 9. HP: 86/86 MP: 8/8
  5236 | D:6      | Identified the +6 long sword of Xom {speed, Contam Will++
                  | Str+6}
  5404 | D:6      | Reached skill level 1 in Long Blades
  5649 | D:7      | Reached skill level 2 in Long Blades
  5813 | D:3      | Became a worshipper of Warmaster Okawaru
  6113 | D:7      | Reached skill level 11 in Fighting
  6196 | D:7      | Noticed a cyclops
  6205 | D:7      | Found a staircase to the Ecumenical Temple.
  6214 | D:7      | Killed a cyclops
  6215 | D:7      | Reached skill level 4 in Long Blades
  6220 | D:7      | Identified the +9 bardiche of Bodily Humours {vorpal, Fly}
  6296 | D:7      | Noticed a five-headed hydra
  6308 | D:7      | HP: 15/89 [ten-headed hydra (12)]
  6308 | D:7      | HP: 4/89 [ten-headed hydra (8)]
  6308 | D:7      | Slain by a ten-headed hydra

Vanquished Creatures
  A cyclops (D:7)
  Sigmund (D:3)
  A steam dragon (D:4)
  2 water moccasins
  2 orc warriors (D:6)
  A sky beast (D:4)
  A black bear (D:4)
  An ice beast (D:7)
  An ogre (D:5)
  3 centaurs
  2 phantoms
  A scorpion (D:6)
  A howler monkey (D:4)
  2 bullfrog zombies (D:6)
  4 orc priests
  2 centaur zombies
  2 hounds
  A jelly (D:4)
  A bullfrog skeleton (D:6)
  A gnoll shaman (D:4)
  Jessica (D:2)
  An iguana (D:3)
  3 orc wizards (D:6)
  A killer bee zombie (D:7)
  6 adders
  8 gnolls
  A howler monkey skeleton (D:5)
  An ufetubus (D:4)
  2 worms (D:2)
  2 dart slugs
  11 orcs
  5 bats
  8 endoplasms
  A giant cockroach (D:2)
  9 goblins
  7 hobgoblins
  2 jackals (D:3)
  6 kobolds
  5 quokkas
  5 ball pythons
  5 frilled lizards
  3 rats
124 creatures vanquished.

Vanquished Creatures (others)
  A sky beast (D:7)
1 creature vanquished.

Grand Total: 125 creatures vanquished

Table legend:
 A = Non-vault XP
 B = Vault XP
 C = Vault XP percentage of total XP
 D = Non-vault monster count
 E = Vault monster count
 F = Vault count percentage of total count
                 A         B        C        D         E       F
            +---------+---------+-------+---------+---------+-------
      Total |    3082 |     687 |  18.2 |     114 |      10 |   8.1
            +---------+---------+-------+---------+---------+-------
        D:1 |      38 |       0 |   0.0 |      23 |       0 |   0.0
        D:2 |      49 |      60 |  55.0 |      13 |       5 |  27.8
        D:3 |     289 |     212 |  42.3 |      28 |       1 |   3.4
        D:4 |     718 |     131 |  15.4 |      23 |       1 |   4.2
        D:5 |     486 |       0 |   0.0 |       6 |       0 |   0.0
        D:6 |     704 |     284 |  28.7 |      15 |       3 |  16.7
        D:7 |     798 |       0 |   0.0 |       6 |       0 |   0.0
            +---------+---------+-------+---------+---------+-------

Illustrated notes

Table legend:
 A = Kills in this place as a percentage of kills in entire the game.
 B = Kills by you in this place as a percentage of kills by you in the entire game.
 C = Kills by friends in this place as a percentage of kills by friends in the entire game.
 D = Other kills in this place as a percentage of other kills in the entire game.
 E = Experience gained in this place as a percentage of experience gained in the entire game.
 F = Experience gained in this place divided by the number of levels of this place that you have seen.
                   A       B       C       D       E      F
               +-------+-------+-------+-------+-------+----------------------
         Total | 100.0 | 100.0 |   N/A |   N/A | 100.0 | 538.4
       Dungeon | 100.0 | 100.0 |   N/A |   N/A | 100.0 | 538.4
               +-------+-------+-------+-------+-------+----------------------

Table legend: (Time is in decaauts)
 A = Elapsed time spent in this place.
 B = Non-inter-level travel time spent in this place.
 C = Inter-level travel time spent in this place.
 D = Time resting spent in this place.
 E = Time spent auto-exploring this place.
 F = Levels seen in this place.
 G = Mean time per level.
                   A        B        C        D        E       F      G
               +--------+--------+--------+--------+--------+-----+--------+
         Total |   6373 |   5838 |    535 |    357 |   4532 |   7 |  910.4 |
       Dungeon |   6373 |   5838 |    535 |    357 |   4532 |   7 |  910.4 |
               +--------+--------+--------+--------+--------+-----+--------+

Top non-repeatable levels by time:
     D:3: 1565 daAuts
     D:1: 1182 daAuts
     D:6: 1053 daAuts
     D:2: 875 daAuts
     D:5: 737 daAuts
     D:4: 679 daAuts
     D:7: 280 daAuts
